 Dungeon Crawl Stone Soup version 0.31.0-32-g396128a36d (webtiles) character file.

Game seed: 3477889195146298210

1004 booth the Chopper (level 8, -1/63 HPs)
             Began as a Demonspawn Monk on Mar 9, 2024.
             Was a Believer of Okawaru.
             Slain by a gnoll
             ... wielding a +0 spear
              (3 damage)
             ... on level 4 of the Dungeon.
             The game lasted 00:19:13 (3280 turns).

booth the Chopper (Demonspawn Monk)                 Turns: 3280, Time: 00:19:13

Health: -1/63      AC:  5    Str: 13    XL:     8   Next: 0%
Magic:  8/8        EV: 14    Int: 11    God:    Okawaru [**....]
Gold:   180        SH:  0    Dex: 16    Spells: 7/7 levels left

rFire   . . .        l - +1 war axe (elec)
rCold   . . .        d - orb {light}
rNeg    . . .        r - +0 leather armour
rPois   +            (helmet restricted)
rElec   .            m - +0 cloak
rCorr   .            o - +0 pair of gloves
SInv    .            (no boots)
Will    .....        (no amulet)
Stlth   +            i - ring of poison resistance
HPRegen 0.30/turn    (no ring)
MPRegen 0.22/turn

%: no passive effects
@: glowing
A: hooves 1, horns 1, magic regeneration
a: Renounce Religion, Heroism


You were on level 4 of the Dungeon.
You worshipped Okawaru.
Okawaru was pleased with you.
You visited 1 branch of the dungeon, and saw 4 of its levels.
You also visited: Ossuary.

You collected 180 gold pieces.

Inventory:

Hand Weapons
 a - a +0 hand axe
 g - a +0 mace
 l - a +1 war axe of electrocution (weapon)
Missiles
 f - 17 poisoned darts (quivered)
Armour
 d - an orb of light (worn)
 j - a +0 ring mail
 m - a +0 cloak (worn)
 o - a +0 pair of gloves (worn)
 r - a +0 leather armour (worn)
Jewellery
 i - a ring of poison resistance (left hand)
Wands
 c - a wand of flame (21)
Scrolls
 q - a scroll of acquirement {unknown}
 s - a scroll of enchant weapon {unknown}
Potions
 e - a potion of magic
 h - 4 potions of enlightenment
 k - 2 potions of curing
 n - a potion of haste {unknown}
 p - 2 potions of lignification {unknown}
 t - a potion of brilliance {unknown}
 u - a potion of heal wounds {unknown}


   Skills:
 + Level 5.4 Fighting
 * Level 6.5 Axes
 + Level 5.0 Dodging


You had 7 spell levels left.
You didn't know any spells.
Your spell library contained the following spells:

 Spells                   Type           Power      Damage    Failure   Level
 Sigil of Binding         Hex            0%         N/A       80%         3
 Dimensional Bullseye     Hex/Tloc       0%         N/A       99%         4
 Call Canine Familiar     Summ           Unusable   N/A       N/A         3

Dungeon Overview and Level Annotations

Branches:
Dungeon (4/15)            Ossuary (visited)
 Temple: D:4-7

Altars:
Ashenzari
Cheibriados
Okawaru

Annotations:
D:4 2 transporters


Innate Abilities, Weirdness & Mutations

You have large cloven feet.
You have a pair of small horns on your head.
You regenerate magic rapidly.


Message History

The centaur unwields a +0 shortbow.
The centaur hits you but does no damage.
The centaur misses you.
The gnoll hits you from afar with a +0 spear.
* * * LOW HITPOINT WARNING * * *
The centaur hits you.
* * * LOW HITPOINT WARNING * * *
The centaur closely misses you.
You hit the centaur. You headbutt the centaur.
The centaur is severely wounded.
The gnoll hits you from afar with a +0 spear.
* * * LOW HITPOINT WARNING * * *
The centaur barely misses you. The centaur completely misses you.
The gnoll barely misses you. The centaur barely misses you.
The centaur kicks you.
* * * LOW HITPOINT WARNING * * *
Things that are here:
a +0 dagger; a +0 robe; an orc corpse It was a potion of curing.
You feel better.
The centaur hits you but does no damage.
The centaur barely misses you. The centaur hits you.
* * * LOW HITPOINT WARNING * * *
The centaur kicks you but does no damage.
The gnoll barely misses you.
You hit the centaur. Your headbutt misses the centaur.
The centaur is almost dead.
The centaur closely misses you. The centaur kicks you.
* * * LOW HITPOINT WARNING * * *
The gnoll closely misses you.
You barely miss the centaur. You kick the centaur, but do no damage.
You headbutt the centaur.
You kill the centaur!
Okawaru accepts your kill.
The gnoll hits you from afar with a +0 spear!
* * * LOW HITPOINT WARNING * * *
Your Dodging skill increases to level 5!
You have reached level 8!
You feel clever. The gnoll hits you with a +0 spear.
You die...

#..................##.....<...)..
...................##..........##
....................#...####.....
........#########...###.# #.....
........# #...# #..# #...##
........###### ##...###.......##r
#8.!.8#8..(8##.......#8.
#!....#)....####.....#..
#..[..g@)_..# ..... #?....#)))..#
#...© #8.?.8#8...8# ##### ##...##
#...# ### #######...###.#
..............# ........###...#
........# #####


You could see a gnoll.

Vanquished Creatures
  Menkaure (D:4)
  An ogre (D:4)
  A centaur (D:4)
  A gnoll sergeant (D:4)
  2 scorpions (Ossuary)
  A human zombie (Ossuary)
  A bombardier beetle (D:3)
  An iguana (D:4)
  Natasha (thrice) (D:2)
  2 orc wizards
  4 scorpion zombies (Ossuary)
  3 mummies (Ossuary)
  3 gnolls (D:4)
  An adder (D:2)
  A white imp (D:3)
  6 adder zombies (Ossuary)
  5 dart slugs
  2 ribbon worms
  13 orcs
  12 ball pythons
  6 bats
  4 endoplasms
  2 giant cockroaches
  2 gnoll zombies (Ossuary)
  7 goblins
  6 hobgoblins
  3 jackals (D:1)
  4 quokkas
  4 frilled lizards
  4 jackal zombies (Ossuary)
  9 kobolds
  2 rats (D:1)
117 creatures vanquished.

Notes
Turn   | Place    | Note
-------+----------+-------------------------------------------
     0 | D:1      | booth the Demonspawn Monk began the quest for the Orb.
     0 | D:1      | Reached XP level 1. HP: 18/18 MP: 1/1
   178 | D:1      | Reached skill level 3 in Axes
   178 | D:1      | Discovered your monstrous ancestry.
   178 | D:1      | Gained mutation: You have a pair of small horns on your
                  | head. [demonic ancestry]
   178 | D:1      | Reached XP level 2. HP: 18/24 MP: 2/2
   479 | D:1      | Gained mutation: You regenerate magic rapidly. [demonic
                  | ancestry]
   479 | D:1      | Reached XP level 3. HP: 29/29 MP: 3/3
  1060 | D:2      | Noticed Natasha
  1068 | D:2      | Killed Natasha
  1069 | D:2      | Gained mutation: You have large cloven feet. [demonic
                  | ancestry]
  1069 | D:2      | Reached XP level 4. HP: 9/36 MP: 4/4
  1268 | D:2      | Noticed Natasha
  1284 | D:2      | Killed Natasha
  1285 | D:2      | Reached skill level 4 in Axes
  1300 | D:2      | Noticed Natasha
  1321 | D:2      | Killed Natasha
  1322 | D:2      | Reached XP level 5. HP: 5/42 MP: 5/5
  1854 | D:3      | Found a snail-covered altar of Cheibriados.
  1854 | D:3      | Found a broken altar of Ashenzari.
  2582 | D:4      | Found a sand-covered staircase.
  2587 | Ossuary  | Entered an ossuary
  2598 | Ossuary  | Reached XP level 6. HP: 47/48 MP: 6/6
  2656 | Ossuary  | Reached skill level 5 in Axes
  2817 | Ossuary  | Reached XP level 7. HP: 52/55 MP: 7/7
  2941 | D:4      | Reached skill level 5 in Fighting
  3038 | D:4      | Found a transporter.
  3049 | D:4      | Noticed Menkaure
  3055 | D:4      | Killed Menkaure
  3056 | D:4      | Reached skill level 6 in Axes
  3197 | D:4      | Found a transporter.
  3206 | D:4      | Found an iron altar of Okawaru.
  3206 | D:4      | Found a runed translucent door.
  3212 | D:4      | Found the +0 toga "Victory" {*Victory Clar}
  3214 | D:4      | Became a worshipper of Warmaster Okawaru
  3214 | D:4      | Reached * piety under Okawaru
  3214 | D:4      | Reached ** piety under Okawaru
  3279 | D:4      | HP: 1/56 [gnoll/+0 spear (7)]
  3280 | D:4      | Reached skill level 5 in Dodging
  3280 | D:4      | Reached XP level 8. HP: 1/63 MP: 8/8
  3280 | D:4      | Slain by a gnoll

Illustrated notes

Levels and vault maps discovered:
D:1:      matt_arrival_spirals, layout_rooms
D:2:      layout_rooms, minmay_shallow_snake_nest, uniq_natasha
D:3:      layout_loops_ring, mainiacjoe_overflow_divided_tiny,
          grunt_ministairs_15
D:4:      layout_basic, nicolae_overflow_guarded_unrand_okawaru_victory,
          minmay_temple_entry_antechambers, gammafunk_ghost_arena,
          enter_ossuary_5, moated_statue, uniq_menkaure

Skill      XL: |  1  2  3  4  5  6  7 |
---------------+----------------------+-----
Axes           | 3 4 5 6 |  6.5
Dodging        | 3 4 5 |  5.0
Fighting       | 4 5 |  5.4

Action                     |  1- 3 |  4- 6 |  7- 9 || total
---------------------------+-------+-------+-------++-------
  Melee: Hand axe          |    95 |    79 |       ||   174
         Headbutt          |    15 |    31 |    13 ||    59
         Kick              |       |    50 |    12 ||    62
         War axe           |       |    52 |    36 ||    88
  Throw: Dart              |     4 |       |     5 ||     9
 Invoke: Heroism           |       |       |     1 ||     1
  Evoke: Wand              |       |       |     4 ||     4
    Use: Potion            |       |     1 |     1 ||     2
         Scroll            |       |     4 |     1 ||     5
 Armour: Robe              |    40 |    54 |     1 ||    95
         Leather armour    |       |       |    28 ||    28
  Dodge: Dodged            |    57 |    85 |    34 ||   176
